 Dungeon Crawl Stone Soup version 0.28-a0-1555-g9ae15a6949 (webtiles) character file.

Game seed: 18196057526417904846

28 gruber the Chiller (level 2, 19/19 HPs)
             Began as a Demonspawn Ice Elementalist on Jan 18, 2022.
             Quit the game on level 4 of the Dungeon.
             The game lasted 00:00:49 (1388 turns).

gruber the Chiller (Demonspawn Ice Elementalist)    Turns: 1388, Time: 00:00:50

Health: 19/19      AC:  3    Str:  8    XL:     2   Next: 96%
Magic:  5/5        EV: 12    Int: 16    God:
Gold:   25         SH:  0    Dex: 13    Spells: 4/5 levels left

rFire   . . .      SeeInvis .   d - +0 short sword
rCold   . . .      Faith    .   (no shield)
rNeg    . . .      Spirit   .   a - +0 robe
rPois   .          Reflect  .   g - +0 helmet
rElec   .          Harm     .   (no cloak)
rCorr   .          Rampage  .   (no gloves)
Will    .....                   (no boots)
Stlth   ++........              (no amulet)
HPRegen 0.06/turn               (no ring)
MPRegen 0.09/turn               (no ring)

@: no status effects
A: powered by death 1
a: no special abilities


You were on level 4 of the Dungeon.
You visited 1 branch of the dungeon, and saw 3 of its levels.

You collected 25 gold pieces.

Inventory:

Hand Weapons
 d - a +0 short sword (weapon)
Armour
 a - a +0 robe (worn)
 g - a +0 helmet (worn)
Scrolls
 e - a scroll of blinking {unknown}
 f - a scroll of identify {unknown}
 j - a scroll of fear {unknown}
Potions
 b - 2 potions of resistance {unknown}
 c - a potion of attraction {unknown}
 h - a potion of heal wounds {unknown}
 i - a potion of cancellation {unknown}
 k - a potion of degeneration {unknown}


   Skills:
 - Level 1.7 Dodging
 - Level 1.7 Stealth
 + Level 2.4 Spellcasting
 + Level 4.2 Ice Magic


You had 4 spell levels left.
You knew the following spells:

 Your Spells              Type           Power      Damage    Failure   Level
a - Freeze                Ice            60%        1d8       3%          1

Your spell library contained the following spells:

 Spells                   Type           Power      Damage    Failure   Level
 Frozen Ramparts          Ice            30%        1d5       11%         3
 Ozocubu's Armour         Ice            15%        N/A       11%         3
 Hailstorm                Conj/Ice       8%         3d4       63%         4


Dungeon Overview and Level Annotations

Branches:
Dungeon (2/15)

Altars:


Innate Abilities, Weirdness & Mutations

You regenerate a little health from kills.


Message History

An endoplasm is nearby!
The helpless endoplasm fails to defend itself.
You hit the endoplasm.
You kill the endoplasm!
No target in view!
No target in view!
You see here 16 stones.
You enter the shallow water.
Moving in this stuff is going to be slow.
Done exploring.
Done exploring.
Done exploring.
Done exploring.
Done exploring.
Done exploring.
(D) Dungeon
Where to? (Enter - D:1 @ (x,y), ? - help)
There is a staircase leading out of the dungeon here.
You enter the shallow water.
Moving in this stuff is going to be slow.
There is a stone staircase leading down here.
You climb downwards.
There is a stone staircase leading up here.
Found a stone staircase leading down.
There is a stone staircase leading up here.
A bat comes into view.
A bat is nearby!
A bat is nearby!
A bat is nearby!
The bat hits you but does no damage.
A bat is nearby!
You hit the bat.
You kill the bat!
You see here a bat corpse.
Found a ring mail.
No target in view!
A sourceless malevolence fills the Dungeon...
You fall into a shaft and drop 2 floors!
The shaft crumbles and collapses.
Are you sure you want to abandon this character and quit the game? (Confirm with "yes".)

# ##. .
#..# ...
#...###..#
#...@...#
#.......#
#...##.##
##.# ## ##


There were no monsters in sight!

Vanquished Creatures
  A dart slug (D:1)
  4 ball pythons (D:1)
  4 bats
  3 endoplasms (D:1)
  3 giant cockroaches (D:1)
  3 hobgoblins (D:1)
  A quokka (D:1)
  A kobold (D:1)
  2 rats (D:1)
22 creatures vanquished.

Notes
Turn   | Place    | Note
-------+----------+-------------------------------------------
     0 | D:1      | gruber the Demonspawn Ice Elementalist began the quest for
                  | the Orb.
     0 | D:1      | Reached XP level 1. HP: 13/13 MP: 3/3
   246 | D:1      | Reached skill level 4 in Ice Magic
   246 | D:1      | Gained mutation: You regenerate a little health from kills.
                  | [demonic ancestry]
   246 | D:1      | Reached XP level 2. HP: 19/19 MP: 1/5
  1387 | D:2      | You fall into a shaft and drop 2 floors!
  1388 | D:4      | Quit the game

Illustrated notes

Levels and vault maps discovered:
D:1:      dpeg_arrival_shrine, layout_basic, minmay_misc_feat_rows,
          minmay_fountain_box, columned_hall_lemuel
D:2:      layout_basic, serial_glass, glass_columns_a, glass_columns_a,
          glass_columns_a, glass_columns_a, glass_columns_b, glass_columns_a,
          glass_columns_a, glass_columns_a, glass_columns_a, glass_columns_a,
          minmay_strange_pillars, minmay_strange_pillars,
          uniq_crazy_yiuf_cottage
D:4:      layout_cave_pools, serial_column_ruins, column_ruins_open_small,
          column_ruins_open_tiny, column_ruins_open_small, column_ruins_grid_1,
          column_ruins_open_small, uniq_pikel, uniq_menkaure

Skill      XL: |  1 |
---------------+----+-----
Ice Magic      | 4 |  4.2
Dodging        | |  1.7
Stealth        | |  1.7
Spellcasting   | |  2.4

Action                   || total
-------------------------++-------
Melee: Unarmed           ||     3
       Short sword       ||    13
 Cast: Freeze            ||    32
 Stab: Sleeping          ||     1
Armor: Robe              ||    12
Dodge: Dodged            ||    27

Table legend: (Time is in decaauts)
 A = Elapsed time spent in this place.
 B = Non-inter-level travel time spent in this place.
 C = Inter-level travel time spent in this place.
 D = Time resting spent in this place.
 E = Time spent auto-exploring this place.
 F = Levels seen in this place.
 G = Mean time per level.
                   A        B        C        D        E       F      G
               +--------+--------+--------+--------+--------+-----+--------+
         Total |   1390 |   1309 |     81 |      0 |   1165 |   3 |  463.3 |
       Dungeon |   1390 |   1309 |     81 |      0 |   1165 |   3 |  463.3 |
               +--------+--------+--------+--------+--------+-----+--------+

Top non-repeatable levels by time:
     D:1: 1377 daAuts
     D:2: 11 daAuts
     D:4: 0 daAuts
